 Dungeon Crawl Stone Soup version 0.30.1-4-g462c640d31 (webtiles) character file.

Game seed: 14217922460959469433

606 Babbit the Chopper (level 7, -2/60 HPs)
             Began as a Minotaur Fighter on Sept 15, 2023.
             Was an Initiate of Okawaru.
             Slain by a gnoll
             ... wielding a +0 spear
              (4 damage)
             ... while paralysed by a gnoll
             ... on level 5 of the Dungeon.
             The game lasted 00:12:18 (3938 turns).

Babbit the Chopper (Minotaur Fighter)               Turns: 3938, Time: 00:12:18

Health: -2/60      AC:  7    Str: 23    XL:     7   Next: 19%
Magic:  6/6        EV:  2    Int:  5    God:    Okawaru [......]
Gold:   87         SH:  0    Dex:  9    Spells: 6/6 levels left

rFire   x . .        a - +0 war axe
rCold   + . .        c - +0 buckler
rNeg    . . .        b - +0 scale mail
rPois   .            D - +0 hat
rElec   .            (no cloak)
rCorr   .            (no gloves)
SInv    .            (no boots)
Will    .....        w - amulet of reflection Stlth
                     y - +5 ring of evasion
HPRegen 0.30/turn    z - ring of ice
MPRegen 0.10/turn

%: reflection
@: paralysed, lethally poisoned (-2 -> -22)
A: horns 2, retaliatory headbutt
a: Renounce Religion


You were on level 5 of the Dungeon.
You worshipped Okawaru.
Okawaru was noncommittal.
You visited 2 branches of the dungeon, and saw 6 of its levels.

You collected 152 gold pieces.
You donated 65 gold pieces to Zin.

Inventory:

Hand Weapons
 a - a +0 war axe (weapon)
Missiles
 l - 2 throwing nets
 H - 4 boomerangs (quivered)
 I - 2 javelins
Armour
 b - a +0 scale mail (worn)
 c - a +0 buckler (worn)
 D - a +0 hat (worn)
Jewellery
 w - an amulet of reflection (around neck)
 y - a +5 ring of evasion (left hand)
 z - a ring of ice (right hand)
Wands
 s - a wand of digging (4)
 x - a wand of paralysis (11)
Scrolls
 g - 7 scrolls of teleportation
 i - a scroll of fog {unknown}
 j - a scroll of enchant weapon {unknown}
 k - a scroll of brand weapon {unknown}
 m - a scroll of amnesia {unknown}
 p - a scroll of fear {unknown}
 t - a scroll of magic mapping {unknown}
 v - a scroll of noise {unknown}
 B - 3 scrolls of identify {unknown}
 E - a scroll of enchant armour {unknown}
 G - a scroll of torment {unknown}
Potions
 d - a potion of might
 e - a potion of berserk rage {unknown}
 f - 6 potions of curing {unknown}
 h - a potion of flight {unknown}
 n - a potion of degeneration {unknown}
 o - a potion of ambrosia {unknown}
 q - a potion of mutation {unknown}
 r - a potion of heal wounds {unknown}
 u - a potion of attraction {unknown}
 A - a potion of lignification {unknown}
 C - a potion of cancellation {unknown}
 F - a potion of magic {unknown}


   Skills:
 + Level 4.7 Fighting
 + Level 7.2 Axes
 + Level 5.3 Armour
 + Level 1.3 Dodging
 + Level 0.2 Stealth
 + Level 4.8 Shields


You had 6 spell levels left.
You didn't know any spells.
Your spell library contained the following spells:

 Spells                   Type           Power      Damage    Failure   Level
 Gell's Gravitas          Tloc           0%         N/A       99%         3
 Ozocubu's Armour         Ice            0%         N/A       99%         3
 Portal Projectile        Hex/Tloc       0%         N/A       99%         3
 Teleport Other           Tloc           0%         N/A       99%         3
 Leda's Liquefaction      Hex/Erth       0%         N/A       100%        4
 Metabolic Englaciation   Hex/Ice        0%         N/A       100%        5
 Dispersal                Tloc           0%         N/A       100%        6
 Call Canine Familiar     Summ           Unusable   N/A       N/A         3
 Simulacrum               Ice/Necr       Unusable   N/A       N/A         6

Dungeon Overview and Level Annotations

Branches:
Dungeon (5/15)             Temple (1/1) D:4

Altars:
Ashenzari
Cheibriados
Elyvilon
Fedhas
Gozag
Kikubaaqudgha
Makhleb
Nemelex Xobeh
Okawaru
Qazlal
Ru
Trog
Uskayaw
Wu Jian
Xom
Zin
The Shining One

Annotations:
D:5 1 transporter, Babbit's ghost, novice MiFi


Innate Abilities, Weirdness & Mutations

You have a pair of horns on your head.
You reflexively headbutt those who attack you in melee.


Message History

You hit the gnoll but do no damage.
The gnoll is almost dead.
The gnoll completely misses you. You furiously retaliate!
You headbutt the gnoll!
You kill the gnoll!
Okawaru accepts your kill.
The gnoll sergeant completely misses you.
The gnoll sergeant hits you from afar with a +0 spear!
You barely miss the gnoll. Your headbutt misses the gnoll.
You block the gnoll's attack. You block the gnoll sergeant's attack.
The gnoll sergeant hits you from afar with a +0 spear.
You hit the gnoll.
The gnoll is lightly wounded.
The gnoll sergeant hits you from afar with a +1 trident of venom.
The gnoll sergeant hits you from afar with a +0 spear.
You block the gnoll sergeant's attack.
The gnoll zaps a wand.
You suddenly lose the ability to move!
The gnoll sergeant hits you from afar with a +1 trident of venom.
You are poisoned.
You feel very sick. The gnoll hits you with a +0 whip.
The gnoll zaps a wand.
You resist with some effort.
The gnoll sergeant hits you from afar with a +1 trident of venom!
You are more poisoned.
The gnoll hits you with a +0 flail.
The gnoll sergeant hits you but does no damage.
* * * LOW HITPOINT WARNING * * *
You feel very sick.
The gnoll zaps a wand.
You resist with some effort. The gnoll hits you but does no damage.
The gnoll sergeant hits you from afar with a +1 trident of venom!
* * * LOW HITPOINT WARNING * * *
You are more poisoned.
The gnoll hits you but does no damage.
The gnoll sergeant completely misses you.
* * * LOW HITPOINT WARNING * * *
You feel very sick.
The gnoll zaps a wand.
You shrug off the repeated paralysis!
The gnoll hits you from afar with a +0 spear.
You die...

#..≈≈≈≈≈≈≈≈≈≈≈≈~≈≈≈≈≈≈≈≈≈≈≈≈.
#..≈≈≈≈≈≈≈≈≈≈≈≈~≈≈≈≈≈≈≈≈≈≈≈≈.
#..≈≈#####...........#####≈≈.
#..≈≈#.#.#.###.©.###.#g#.#≈≈.
#..≈≈#...###.#####©###...#≈≈.
#..≈≈###...............###≈≈.
#..≈≈.8#.##'###'######.#8.≈≈.
#..≈≈.##.#..g#g.8#W.$#.##.≈≈.
#..~~.#..'.)@.gW⌠#:.$g .#.~~.
#..≈≈.##.#..g#gg8#[$$#.##.≈≈.
#..≈≈.8#.##'###'######g#8.≈≈.
#..≈≈###........g......###≈≈.
#..≈≈#...###.#####.###...#≈≈.
#..≈≈#.#.#.###.©.###.#.#.#≈≈.
#..≈≈#####...........#####≈≈.
#..≈≈≈≈≈≈≈≈≈≈≈...≈≈≈≈≈≈≈≈≈≈≈.
#..≈≈≈≈≈≈≈≈≈≈≈...≈≈≈≈≈≈≈≈≈≈≈.


You could see 3 gnoll sergeants, a gnoll bouda, Babbit's ghost and 3 gnolls.

Vanquished Creatures
  A black bear (D:5)
  A centaur (D:5)
  A scorpion (D:5)
  A howler monkey (D:5)
  A jelly (D:5)
  A hound (D:4)
  An orc priest (D:5)
  An iguana (D:4)
  An orc wizard (D:4)
  A sleepcap (D:4)
  A gnoll (D:5)
  2 adders (D:2)
  3 shadow imps (D:4)
  2 ufetubi
  A worm (D:3)
  A dart slug (D:4)
  9 orcs
  10 endoplasms
  3 giant cockroaches
  3 goblins
  5 hobgoblins
  10 jackals
  2 quokkas (D:1)
  7 ball pythons
  3 bats
  3 frilled lizards (D:1)
  6 kobolds
  4 rats
85 creatures vanquished.

Vanquished Creatures (others)
  An orc priest (D:4)
1 creature vanquished.

Grand Total: 86 creatures vanquished

Notes
Turn   | Place    | Note
-------+----------+-------------------------------------------
     0 | D:1      | Babbit the Minotaur Fighter began the quest for the Orb.
     0 | D:1      | Reached XP level 1. HP: 19/19 MP: 0/0
   175 | D:1      | Reached XP level 2. HP: 27/27 MP: 1/1
   382 | D:1      | You fall into a shaft and drop 1 floor!
   495 | D:1      | Found a faded altar of an unknown god.
   825 | D:2      | Reached skill level 3 in Axes
   832 | D:2      | Reached XP level 3. HP: 33/33 MP: 2/2
  1375 | D:2      | Reached XP level 4. HP: 40/40 MP: 3/3
  1406 | D:3      | Reached skill level 4 in Axes
  1987 | D:4      | Found a staircase to the Ecumenical Temple.
  2001 | Temple   | Entered the Ecumenical Temple
  2304 | Temple   | Became a worshipper of Zin the Law-Giver
  2304 | Temple   | Reached * piety under Zin
  2525 | D:4      | Reached skill level 5 in Axes
  2525 | D:4      | Reached XP level 5. HP: 42/46 MP: 4/4
  2953 | D:4      | Found a hide-covered altar of Uskayaw.
  3014 | D:4      | Found a white marble altar of Elyvilon.
  3109 | D:4      | Donated 54 gold pieces to Zin
  3141 | D:5      | Entered Level 5 of the Dungeon
  3161 | D:5      | Reached skill level 6 in Axes
  3161 | D:5      | Reached XP level 6. HP: 33/53 MP: 5/5
  3299 | D:5      | Reached skill level 5 in Armour
  3299 | D:5      | Reached skill level 1 in Dodging
  3426 | D:5      | Reached skill level 7 in Axes
  3426 | D:5      | Reached XP level 7. HP: 40/60 MP: 6/6
  3515 | D:5      | Found a sacrificial altar of Ru.
  3545 | D:5      | Found a transporter.
  3554 | D:5      | Found an iron altar of Okawaru.
  3557 | D:5      | Fell from the grace of Zin
  3557 | D:5      | Became a worshipper of Warmaster Okawaru
  3578 | D:5      | Identified the +6 spear "Iwanudaf" {pain, *Corrode rF++
                  | Dex+2}
  3627 | D:5      | Found a transporter.
  3631 | D:5      | Noticed Babbit's ghost (novice MiFi)
  3935 | D:5      | Paralysed by a gnoll for 5 turns
  3938 | D:5      | HP: 2/60 [poisoned by a gnoll sergeant]
  3938 | D:5      | Slain by a gnoll

Illustrated notes

Levels and vault maps discovered:
D:1:      dpeg_arrival_simpleton_b, layout_basic, serial_glass, glass_columns_b,
          glass_columns_c, glass_columns_c, glass_columns_c, glass_columns_c,
          ebering_ecumenical_altar_box
D:2:      layout_rooms, minmay_misc_feat_nine_boxes, nicolae_half_adder
D:3:      layout_loops_cross
D:4:      layout_basic, nicolae_overflow_hidden_temple,
          mainiacjoe_overflow_alcove_2, minmay_temple_entry_wispy,
          serial_demonic, serial_demonic_g, serial_demonic_g, serial_demonic_e,
          serial_demonic_c, serial_demonic_b, minmay_misc_feat_secret_circle
D:5:      layout_cave_pools, nicolae_ru_path_of_blood, kennysheep_mini_moat,
          gammafunk_ghost_gnarly_gnolls
Temple:   compressed_dpeg_triangle_lava_temple

Skill      XL: |  1  2  3  4  5  6 |
---------------+-------------------+-----
Armour         | 4 5 |  5.3
Shields        | 4 |  4.8
Axes           | 3 5 6 7 |  7.2
Fighting       | 4 |  4.7
Dodging        | 1 |  1.3
Stealth        | |  0.2

Action                     |  1- 3 |  4- 6 |  7- 9 || total
---------------------------+-------+-------+-------++-------
  Melee: War axe           |    71 |    89 |     5 ||   165
         Headbutt          |    10 |    12 |       ||    22
 Invoke: Donate Gold       |       |     1 |       ||     1
    Use: Scroll            |       |     1 |       ||     1
 Armour: Scale mail        |    23 |    24 |     3 ||    50
  Dodge: Dodged            |    33 |    46 |     4 ||    83
  Block: Buckler           |    19 |    33 |     8 ||    60
         Reflection        |       |     3 |       ||     3
